 Dungeon Crawl Stone Soup version 0.25-a0-632-g7713895373 (webtiles) character file.

Game seed: 8831499852512205291, levelgen mode: deterministic

35 kelmiir the Skirmisher (level 3, -3/33 HPs)
             Began as a Hill Orc Monk on Mar 19, 2020.
             Slain by an orc
             ... wielding a +0 falchion
              (5 damage)
             ... on level 2 of the Dungeon.
             The game lasted 00:01:44 (875 turns).

kelmiir the Skirmisher (Hill Orc Monk)               Turns: 875, Time: 00:01:44

Health: -3/33      AC:  2    Str: 14    XL:     3   Next: 33%
Magic:  3/3        EV: 13    Int: 10    God:
Gold:   74         SH:  0    Dex: 13    Spells: 2/2 levels left

rFire    . . .     SeeInvis .   a - +0 falchion
rCold    . . .     Gourm    .   (no shield)
rNeg     . . .     Faith    .   b - +0 robe
rPois    .         Spirit   .   (no helmet)
rElec    .         Reflect  .   (no cloak)
rCorr    .         Harm     .   (no gloves)
MR       .....                  (no boots)
Stlth    ++........             (no amulet)
HPRegen  0.11/turn              (no ring)
MPRegen  0.08/turn              (no ring)

@: slowed, very slow
A: no striking features
a: Convert to Beogh


You were on level 2 of the Dungeon.
You were not hungry.

You visited 1 branch of the dungeon, and saw 2 of its levels.

You collected 74 gold pieces.

Inventory:

Hand Weapons
 a - a +0 falchion (weapon)
Armour
 b - a +0 robe (worn)
Scrolls
 e - a scroll of enchant armour {unknown}
 h - a scroll of random uselessness {unknown}
 j - 2 scrolls of identify {unknown}
 k - a scroll of amnesia {unknown}
 n - 2 scrolls of teleportation {unknown}
Potions
 d - a potion of heal wounds {unknown}
 f - a potion of ambrosia {unknown}
 g - a potion of berserk rage {unknown}
 i - a potion of curing {unknown}
 l - 2 potions of stabbing {unknown}
 m - 3 potions of degeneration {unknown}
Comestibles
 c - 4 rations


   Skills:
 * Level 4.1 Fighting
 * Level 3.9 Long Blades
 * Level 0.6 Armour
 * Level 2.7 Dodging
 - Level 1.5 Stealth


You had 2 spell levels left.
You didn't know any spells.
Your spell library was empty.

Dungeon Overview and Level Annotations

Branches:
Dungeon (2/15)

Altars:


Message History

The orc closely misses you.
You riposte.
The orc priest shouts, "Beogh is our master!
Accept the truth or die!"
You hit the orc.
The orc is heavily wounded.
The orc priest closely misses you. The orc closely misses you.
The orc wizard hits you but does no damage.
You hit the orc wizard.
The orc wizard is lightly wounded.
The orc priest barely misses you. The orc hits you with a +0 falchion.
The orc closely misses you.
The orc wizard points at you and mumbles some strange words.
The magic dart hits you!
* * * LOW HITPOINT WARNING * * *
The orc barely misses you.
Okay, then.
Okay, then.
You hit the orc wizard but do no damage.
The orc wizard is lightly wounded.
The orc priest closely misses you. The orc hits you with a +0 falchion.
You die...

..#..# ###...?.## #.
.# ...#..#..##. ##
..# ##.#.......
.###.##
##.........###.......
#..........##........
#.#..................
.........oo<......#
#......o@#..†...#
#......o.#..†..>#
##..######.........
#.# #########. #. #


You could see an orc priest, an orc wizard and 2 orcs.

Vanquished Creatures
  3 dart slugs (D:1)
  A giant cockroach (D:1)
  5 goblins (D:1)
  4 hobgoblins (D:1)
  2 jackals (D:2)
  2 kobolds (D:1)
  5 bats (D:1)
  2 frilled lizards (D:1)
  4 rats (D:1)
28 creatures vanquished.

Notes
Turn   | Place    | Note
-------+----------+-------------------------------------------
     0 | D:1      | kelmiir the Hill Orc Monk began the quest for the Orb.
     0 | D:1      | Reached XP level 1. HP: 19/19 MP: 1/1
   154 | D:1      | Reached XP level 2. HP: 16/27 MP: 2/2
   305 | D:1      | Reached skill level 4 in Fighting
   501 | D:1      | Reached XP level 3. HP: 33/33 MP: 3/3
   875 | D:2      | Slain by an orc

Levels and vault maps discovered:
D:1:      dpeg_arrival_lava_temple_mockup, layout_basic
D:2:      layout_rooms, okawaru_ov_weapons_minmay

Skill      XL: |  1  2 |
---------------+-------+-----
Fighting       | 4 |  4.1
Long Blades    | |  3.9
Armour         | |  0.6
Dodging        | |  2.7
Stealth        | |  1.5

Action                   || total
-------------------------++-------
Melee: Falchion          ||    76
Armor: Robe              ||    17
Dodge: Dodged            ||    74
       Rpst.: Falchion   ||    24

Table legend:
 A = Non-vault XP
 B = Vault XP
 C = Vault XP percentage of total XP
 D = Non-vault monster count
 E = Vault monster count
 F = Vault count percentage of total count
                 A         B        C        D         E       F
            +---------+---------+-------+---------+---------+-------
      Total |      50 |       0 |   0.0 |      28 |       0 |   0.0
            +---------+---------+-------+---------+---------+-------
        D:1 |      46 |       0 |   0.0 |      26 |       0 |   0.0
        D:2 |       4 |       0 |   0.0 |       2 |       0 |   0.0
            +---------+---------+-------+---------+---------+-------
